 Dungeon Crawl Stone Soup version 0.30.0-17-ge0270778cf (webtiles) character file.

Game seed: 4829722462701261961

2995 zeram the Carver (level 9, -1/71 HPs)
             Began as a Gnoll Wanderer on May 23, 2023.
             Slain by Duvessa
             ... wielding a +0 short sword
              (6 damage)
             ... on level 7 of the Dungeon.
             The game lasted 00:14:19 (7720 turns).

zeram the Carver (Gnoll Wanderer)                   Turns: 7720, Time: 00:14:20

Health: -1/71      AC: 16    Str: 11    XL:     9   Next: 83%
Magic:  26/26      EV:  4    Int: 19    God:
Gold:   217        SH:  0    Dex: 15    Spells: 18/19 levels left

rFire   + . .        o - +1 great mace (flame)
rCold   . . .        (shield currently unavailable)
rNeg    . . .        D - +2 plate armour {rF+}
rPois   .            (no helmet)
rElec   .            u - +1 cloak
rCorr   .            (no gloves)
SInv    .            (no boots)
Will    .....        (no amulet) Stlth
                     q - ring of magical power
HPRegen 0.31/turn    x - +6 ring of intelligence
MPRegen 0.20/turn

%: no passive effects
@: mighty
A: fangs 1, strong nose, distributed training
a: no special abilities


You were on level 7 of the Dungeon.
You visited 2 branches of the dungeon, and saw 8 of its levels.
You also visited: Sewer and Ossuary.

You collected 286 gold pieces.
You spent 69 gold pieces at shops.

Inventory:

Hand Weapons
 a - a +2 falchion
 i - a +1 whip of venom
 o - a +1 great mace of flaming (weapon)
 C - a +2 mace of holy wrath
Armour
 b - a +1 scale mail
 u - a +1 cloak (worn)
 D - a +2 plate armour of fire resistance (worn)
Jewellery
 q - a ring of magical power (left hand)
 x - a +6 ring of intelligence (right hand)
Wands
 l - a wand of flame (13)
 w - a wand of acid (7)
 B - a wand of polymorph (10)
Scrolls
 c - a scroll of enchant weapon
 g - 5 scrolls of teleportation
 v - a scroll of fog
 y - a scroll of summoning
 A - a scroll of fear
Potions
 d - 2 potions of might
 e - 3 potions of mutation
 f - 2 potions of haste
 h - 3 potions of heal wounds
 j - a potion of ambrosia {unknown}
 k - 3 potions of attraction
 m - a potion of flight {unknown}
 n - a potion of degeneration {unknown}
 p - a potion of cancellation {unknown}
 r - 3 potions of magic {unknown}
 s - 3 potions of curing
 t - 3 potions of berserk rage
 z - a potion of invisibility {unknown}


   Skills:
 + Level 6.7 Fighting
 + Level 4.8 Short Blades
 + Level 8.2 Long Blades
 + Level 4.8 Axes
 + Level 4.8 Maces & Flails
 + Level 4.8 Polearms
 + Level 4.8 Staves
 + Level 4.8 Ranged Weapons
 + Level 5.5 Throwing
 + Level 5.5 Armour
 + Level 4.8 Dodging
 + Level 4.8 Stealth
 + Level 4.8 Shields
 + Level 4.8 Unarmed Combat
 + Level 5.6 Spellcasting
 + Level 4.0 Conjurations
 + Level 4.0 Hexes
 + Level 4.0 Summonings
 + Level 5.5 Necromancy
 + Level 4.0 Translocations
 + Level 4.0 Transmutations
 + Level 4.0 Fire Magic
 + Level 4.0 Ice Magic
 + Level 4.0 Air Magic
 + Level 4.0 Earth Magic
 + Level 4.0 Poison Magic
 + Level 5.3 Invocations
 + Level 4.8 Evocations


You had 18 spell levels left.
You knew the following spells:

 Your Spells              Type           Power      Damage    Failure   Level
a - Necrotise             Necr           100%       1d9       92%         1

Your spell library contained the following spells:

 Spells                   Type           Power      Damage    Failure   Level
 Vampiric Draining        Necr           26%        2d7       100%        3


Dungeon Overview and Level Annotations

Branches:
Dungeon (7/15)             Temple (1/1) D:5           Sewer (visited)
Ossuary (visited)

Altars:
Ashenzari
Cheibriados
Dithmenos
Elyvilon
Hepliaklqana
Kikubaaqudgha
Makhleb
Nemelex Xobeh
Okawaru
Qazlal
Ru
Sif Muna
Trog
Vehumet
Wu Jian
Yredelemnul
Zin
The Shining One

Shops:
D:2 *[*   D:5 *

Annotations:
D:7 Duvessa


Innate Abilities, Weirdness & Mutations

You have very sharp teeth.
Your uncanny sense of smell can sniff out nearby items.
Your experience applies equally to all skills.


Message History

Unknown command.
You hit Duvessa but do no damage. Your bite misses Duvessa.
Duvessa is lightly wounded.
Duvessa hits you but does no damage. Duvessa barely misses you.
Unknown command.
You feel much better. Duvessa hits you but does no damage.
Duvessa hits you with a +0 short sword.
You feel very mighty all of a sudden. Duvessa barely misses you.
You hit Duvessa. You burn Duvessa.
Duvessa is lightly wounded.
Duvessa hits you but does no damage. Duvessa completely misses you.
Unknown command.
You sock Duvessa! You burn Duvessa. You bite Duvessa!
Duvessa is severely wounded.
Duvessa hits you with a +0 short sword. Duvessa hits you with a +0 short sword!
Duvessa hits you but does no damage.
You closely miss Duvessa.
Duvessa is severely wounded.
Duvessa hits you with a +0 short sword!
* * * LOW HITPOINT WARNING * * *
Duvessa hits you with a +0 short sword.
* * * LOW HITPOINT WARNING * * *
Unknown command.
You barely miss Duvessa.
Duvessa is severely wounded.
Duvessa hits you but does no damage. Duvessa barely misses you.
Unknown command.
You barely miss Duvessa.
Duvessa is severely wounded.
Duvessa barely misses you. Duvessa hits you but does no damage.
You sock Duvessa! You burn Duvessa. Your bite misses Duvessa.
Duvessa is almost dead.
Duvessa hits you but does no damage. x2
You hit Duvessa. You burn Duvessa.
Duvessa is almost dead.
Duvessa hits you with a +0 short sword!
* * * LOW HITPOINT WARNING * * *
Duvessa hits you with a +0 short sword.
You die...

#.. # #.# .## #.# #...
## #.# #.#. ..# #.#
#...#######.# #.#
#.#.......##.###.#
#....e).#<##..##<#
#.####@#..##..##.#
#.....###........######
#.####.#.###...........
##...>......).....
######.##########
∆........# #########


You could see Duvessa (berserk).

Vanquished Creatures
  A water moccasin (D:5)
  An orc warrior (D:6)
  A sky beast (D:6)
  2 ice beasts (D:6)
  2 black bears
  2 ogres
  A centaur (D:6)
  A phantom (D:5)
  3 wyvern zombies (Ossuary)
  2 bullfrogs (Sewer)
  2 scorpions (D:5)
  3 water moccasin zombies (Ossuary)
  Dowan (D:7)
  5 bullfrog zombies (Ossuary)
  6 centaur zombies (Ossuary)
  2 hounds (D:5)
  A jelly (D:6)
  2 gnoll boudas (D:6)
  2 orc priests
  A sleepcap (D:6)
  9 mummies (Ossuary)
  3 iguanas
  Natasha (twice) (D:2)
  An orc wizard (D:4)
  3 killer bee zombies (Ossuary)
  3 howler monkey zombies (Ossuary)
  5 gnolls (D:6)
  15 adders
  6 river rats (Sewer)
  A shadow imp (D:5)
  4 worms
  2 dart slugs
  11 orcs
  10 bats
  12 endoplasms
  4 giant cockroaches
  11 goblins
  5 hobgoblins
  9 jackals
  9 kobolds
  6 quokkas
  20 ball pythons
  4 frilled lizards
  A quokka zombie (D:5)
  28 rats
  A rat zombie (D:5)
226 creatures vanquished.

Notes
Turn   | Place    | Note
-------+----------+-------------------------------------------
     0 | D:1      | zeram the Gnoll Wanderer began the quest for the Orb.
     0 | D:1      | zeram set off with the following items: a +2 falchion, a +0
                  | scale mail, a potion of curing; and the following spell
                  | memorised: Necrotise; and the following spells available to
                  | memorise: Vampiric Draining.
     0 | D:1      | Reached XP level 1. HP: 20/20 MP: 4/4
   119 | D:1      | Reached XP level 2. HP: 26/26 MP: 5/5
   254 | D:1      | Reached XP level 3. HP: 11/31 MP: 7/7
   408 | D:1      | Reached skill level 1 in Invocations
   665 | D:2      | Reached skill level 1 in Short Blades
   665 | D:2      | Reached skill level 1 in Axes
   665 | D:2      | Reached skill level 1 in Maces & Flails
   665 | D:2      | Reached skill level 1 in Polearms
   665 | D:2      | Reached skill level 1 in Staves
   665 | D:2      | Reached skill level 1 in Ranged Weapons
   665 | D:2      | Reached skill level 1 in Dodging
   665 | D:2      | Reached skill level 1 in Stealth
   665 | D:2      | Reached skill level 1 in Shields
   665 | D:2      | Reached skill level 1 in Unarmed Combat
   665 | D:2      | Reached skill level 1 in Evocations
   667 | D:2      | Found Loenoh's Assorted Antiques.
   702 | D:2      | Bought a fuming puce potion for 22 gold pieces
   702 | D:2      | Bought a glowing green potion for 22 gold pieces
   702 | D:2      | Bought a scroll labelled ZOLYUKHOTO for 25 gold pieces
   753 | D:2      | Reached XP level 4. HP: 27/38 MP: 8/8
  1016 | D:2      | Found Lujiusuth's General Store.
  1054 | D:2      | Found a faded altar of an unknown god.
  1074 | D:2      | Found Kifucs's Antique Armour Emporium.
  1080 | D:2      | Reached skill level 1 in Conjurations
  1080 | D:2      | Reached skill level 1 in Hexes
  1080 | D:2      | Reached skill level 1 in Summonings
  1080 | D:2      | Reached skill level 1 in Translocations
  1080 | D:2      | Reached skill level 1 in Transmutations
  1080 | D:2      | Reached skill level 1 in Fire Magic
  1080 | D:2      | Reached skill level 1 in Ice Magic
  1080 | D:2      | Reached skill level 1 in Air Magic
  1080 | D:2      | Reached skill level 1 in Earth Magic
  1080 | D:2      | Reached skill level 1 in Poison Magic
  1099 | D:2      | Noticed Natasha
  1124 | D:2      | Killed Natasha
  1125 | D:2      | Reached XP level 5. HP: 15/43 MP: 9/9
  1154 | D:2      | Noticed Natasha
  1160 | D:2      | Killed Natasha
  2308 | D:4      | Reached XP level 6. HP: 40/50 MP: 9/11
  2755 | D:5      | Entered Level 5 of the Dungeon
  2765 | D:4      | Reached skill level 5 in Fighting
  2958 | D:5      | Found a sand-covered staircase.
  2966 | Ossuary  | Entered an ossuary
  3009 | Ossuary  | Reached skill level 7 in Long Blades
  3009 | Ossuary  | Reached XP level 7. HP: 12/56 MP: 12/12
  3676 | Ossuary  | Reached XP level 8. HP: 63/63 MP: 14/14
  4580 | D:5      | Found Doaquasu's Assorted Antiques.
  4606 | D:5      | Reached skill level 5 in Necromancy
  4836 | D:5      | Found a radiant altar of Vehumet.
  4909 | D:5      | Reached XP level 9. HP: 69/69 MP: 16/16
  4987 | D:5      | Found a staircase to the Ecumenical Temple.
  4993 | D:5      | Reached skill level 5 in Spellcasting
  5221 | Temple   | Entered the Ecumenical Temple
  5478 | D:6      | Reached skill level 5 in Throwing
  5478 | D:6      | Reached skill level 5 in Armour
  5518 | D:6      | Found a glowing drain.
  5538 | Sewer    | Entered a sewer
  6341 | Sewer    | Reached skill level 8 in Long Blades
  6952 | D:6      | Reached skill level 5 in Invocations
  7079 | D:6      | Found a basalt altar of Yredelemnul.
  7095 | D:6      | Found a shadowy altar of Dithmenos.
  7705 | D:7      | Noticed Duvessa
  7705 | D:7      | Noticed Dowan
  7708 | D:7      | Killed Dowan
  7720 | D:7      | Slain by Duvessa

Illustrated notes

Levels and vault maps discovered:
D:1:      scummos_arrival_star, layout_basic, minmay_misc_feat_secret_circle,
          serial_park_tiny_2, minmay_tetromino_t2
D:2:      layout_rooms, serial_shops, nicolae_shop_tiny_statue_garden, shop,
          nicolae_shop_tiny_statue_garden, ebering_ecumenical_altar_hall,
          uniq_natasha
D:3:      layout_basic
D:4:      layout_loops_cross
D:5:      layout_loops_ring, mainiacjoe_overflow_alcove_2,
          minmay_temple_entry_large_hall, enter_ossuary_4, serial_shops, shop,
          st_stairs_5, minmay_misc_feat_hallway
D:6:      layout_basic, lemuel_crystal_altar, old_standard_altar,
          portal_sewer_entry_f, serial_bayou_pond_b,
          chequers_serial_rivers_micro_a
D:7:      layout_loops_ring, mainiacjoe_overflow_six_doors_small,
          brannock_xom_greatest_gift, general_overflow_altar, serial_demonic,
          serial_demonic_f, serial_demonic_b, serial_demonic_b,
          serial_demonic_b, uniq_duvessa
Temple:   nicolae_temple_bog_church

Skill      XL: |  1  2  3  4  5  6  7  8  9 |
---------------+----------------------------+-----
Invocations    | 1 2 3 4 5 |  5.3
Short Blades   | 1 2 3 4 |  4.8
Axes           | 1 2 3 4 |  4.8
Maces & Flails | 1 2 3 4 |  4.8
Polearms       | 1 2 3 4 |  4.8
Staves         | 1 2 3 4 |  4.8
Ranged Weapons | 1 2 3 4 |  4.8
Dodging        | 1 2 3 4 |  4.8
Stealth        | 1 2 3 4 |  4.8
Shields        | 1 2 3 4 |  4.8
Unarmed Combat | 1 2 3 4 |  4.8
Evocations     | 1 2 3 4 |  4.8
Spellcasting   | 3 4 5 |  5.6
Conjurations   | 1 2 3 4 |  4.0
Hexes          | 1 2 3 4 |  4.0
Summonings     | 1 2 3 4 |  4.0
Translocations | 1 2 3 4 |  4.0
Transmutations | 1 2 3 4 |  4.0
Fire Magic     | 1 2 3 4 |  4.0
Ice Magic      | 1 2 3 4 |  4.0
Air Magic      | 1 2 3 4 |  4.0
Earth Magic    | 1 2 3 4 |  4.0
Poison Magic   | 1 2 3 4 |  4.0
Throwing       | 3 4 5 |  5.5
Armour         | 3 4 5 |  5.5
Necromancy     | 4 5 |  5.5
Fighting       | 5 6 |  6.7
Long Blades    | 7 8 |  8.2

Action                     |  1- 3 |  4- 6 |  7- 9 || total
---------------------------+-------+-------+-------++-------
  Melee: Falchion          |    92 |     5 |       ||    97
         Bite              |     6 |    25 |    49 ||    80
         Punch             |     1 |     1 |       ||     2
         Whip              |       |   116 |       ||   116
         Great mace        |       |    98 |   427 ||   525
   Cast: Necrotise         |       |     1 |       ||     1
    Use: Scroll            |     3 |     4 |    13 ||    20
         Potion            |       |     4 |     5 ||     9
   Stab: Sleeping          |       |       |     1 ||     1
 Armour: Scale mail        |    30 |   148 |   327 ||   505
         Plate armour      |       |       |     9 ||     9
  Dodge: Dodged            |    44 |   172 |   347 ||   563
